 Dungeon Crawl Stone Soup version 0.28-a0-948-gee6e0bcda6 (webtiles) character file.

Game seed: 7726707635837933611

2528 AarnesTheHuman the Thrower (level 9, -11/96 HPs)
             Began as an Ogre Hunter on Nov 29, 2021.
             Was a Priest of Okawaru.
             Mangled by a boulder beetle (22 damage)
             ... on level 6 of the Dungeon on Nov 30, 2021.
             The game lasted 00:59:29 (14409 turns).

AarnesTheHuman the Thrower (Ogre Hunter)           Turns: 14409, Time: 00:59:29

Health: -11/96     AC:  3    Str: 21    XL:     9   Next: 54%
Magic:  11/13      EV: 12    Int: 12    God:    Okawaru [***...]
Gold:   356        SH:  0    Dex:  9    Spells: 8/8 levels left

rFire   . . .      SeeInvis .   a - +4 scimitar (freeze)
rCold   . . .      Faith    +   (no shield)
rNeg    . . .      Spirit   .   i - +0 robe
rPois   .          Reflect  .   (helmet restricted)
rElec   .          Harm     .   (no cloak)
rCorr   .          Rampage  .   (gloves unavailable)
Will    .....                   (boots unavailable)
Stlth   +++.......              l - amulet of faith
HPRegen 0.26/turn               x - ring of flight
MPRegen 0.13/turn               (no ring)

@: heroic, flying
A: large, unfitting armour, tough skin 1
a: Renounce Religion, Heroism


You were on level 6 of the Dungeon.
You worshipped Okawaru.
Okawaru was most pleased with you.
You visited 1 branch of the dungeon, and saw 7 of its levels.

You collected 356 gold pieces.

Inventory:

Hand Weapons
 a - a +4 scimitar of freezing (weapon)
 b - a +0 hunting sling
 c - a +0 flail of holy wrath
 k - a +2 hand axe of venom
 r - a +3 short sword
Missiles
 j - 213 stones (quivered)
 u - 7 sling bullets
 y - a large rock
Armour
 i - a +0 robe (worn)
 o - a +0 tower shield
Magical Staves
 z - a staff of death
Jewellery
 l - an amulet of faith (around neck)
 s - a ring of ice
 x - a ring of flight (left hand)
Scrolls
 e - a scroll of acquirement
 p - 2 scrolls of teleportation
 w - 3 scrolls of identify
Potions
 d - 2 potions of curing
 g - a potion of brilliance
 h - a potion of lignification
 t - a potion of might


   Skills:
 + Level 8.0(13.0) Fighting
 * Level 4.2(9.2) Long Blades
 + Level 8.5(13.5) Throwing
 - Level 1.3(6.3) Armour
 + Level 3.8(8.8) Dodging
 - Level 0.6(5.6) Stealth
 - Level 0.7(5.7) Shields
 + Level 5.4 Invocations


You had 8 spell levels left.
You didn't know any spells.
Your spell library contained the following spells:

 Spells                   Type           Power      Damage    Failure   Level
 Pain                     Necr           0%         1d4       32%         1
 Scorch                   Fire           0%         2d5       45%         2
 Flame Wave               Conj/Fire      0%         2d4       97%         4
 Agony                    Necr           0%         N/A       100%        5
 Excruciating Wounds      Necr           0%         N/A       100%        5
 Orb of Destruction       Conj           0%         N/A       100%        7
 Summon Guardian Golem    Hex/Summ       Unusable   N/A       N/A         3
 Summon Cactus Giant      Summ           Unusable   N/A       N/A         6
 Spellforged Servitor     Conj/Summ      Unusable   N/A       N/A         7

Dungeon Overview and Level Annotations

Branches:
Dungeon (7/15)             Temple (0/1) D:7

Altars:
Okawaru
Trog

Shops:
D:6 (

Annotations:
D:2 Pikel
D:3 exclusion: adder
D:4 exclusion: downstairs
D:5 exclusion: kobold demonologist
D:6 exclusion: downstairs


Innate Abilities, Weirdness & Mutations

You are too large for most types of armour.
You have tough skin. (AC +1)


Message History

The boulder beetle hits you but does no damage.
The boulder beetle stops rolling and uncurls.
The boulder beetle curls into a ball and begins rolling!
There is a stone staircase leading up, spattered with blood here.
You see here a scroll of noise.
Throw: 213 stones
Press: ? - help, Q - select action, (/) - cycle Shift-Dir - straight line, f - boulder beetle
Aim: a boulder beetle (rolling, 90% to hit)
Okay, then.
Unknown command.
Okay, then.
Unknown command.
Unknown command.
Throw: 2 large rocks
Press: ? - help, Shift-Dir - straight line, f - boulder beetle
Aim: a boulder beetle (rolling, 90% to hit)
You throw a large rock. The large rock hits the boulder beetle!
The boulder beetle is lightly wounded.
The boulder beetle hits you!
The boulder beetle stops rolling and uncurls.
The boulder beetle bites you!!
You fly upwards.
Level annotation: exclusion: downstairs
There is a stone staircase leading down, spattered with blood here.
You barely miss the boulder beetle.
The boulder beetle is lightly wounded.
The boulder beetle bites you!!
You gain the combat prowess of a mighty hero.
The boulder beetle barely misses you.
You hit the boulder beetle but do no damage.
The boulder beetle is lightly wounded.
The boulder beetle bites you!
You slash the boulder beetle! You freeze the boulder beetle.
The boulder beetle is moderately wounded.
The boulder beetle bites you!!
* * * LOW HITPOINT WARNING * * *
You hit the boulder beetle but do no damage.
The boulder beetle is moderately wounded.
The boulder beetle bites you!!
You die...

#.##<####.####.##.##.##.#
#.##......# #.##....##.#
#.######### #.##.##.##.#
#.# #.##.##.##.# #.#
##########..........# ###
##.###.......########.####
..###.#.##.#...#.# #......#
.....###.......#.###.######
..###.#.##.#....@B...#
..####.###.#####.#####
..#........#####.#
..#.##.##........#
..#.##.##.########
........#.# ..#.###.#.#
###...#.#.# # #.......#


You could see a boulder beetle.

Vanquished Creatures
  A two-headed ogre (D:6)
  A wraith (D:6)
  A hornet zombie (D:7)
  A black bear (D:7)
  A necrophage (D:6)
  An ogre (D:6)
  4 lemures
  A phantom (D:4)
  A bullfrog (D:6)
  A scorpion (D:4)
  A water moccasin zombie (D:5)
  3 water moccasin skeletons
  4 killer bees (D:4)
  4 wights
  4 hounds
  A jelly (D:6)
  4 orc priests
  A gnoll shaman (D:6)
  2 iguanas
  3 orc wizards
  4 howler monkey skeletons
  5 gnolls
  7 adders
  2 white imps
  An adder skeleton (D:4)
  3 worms
  6 dart slugs
  12 orcs
  7 ball pythons
  15 endoplasms
  4 giant cockroaches
  7 goblins
  5 hobgoblins
  7 quokkas
  5 bats
  A frilled lizard (D:2)
  6 kobolds
  7 rats
144 creatures vanquished.

Notes
Turn   | Place    | Note
-------+----------+-------------------------------------------
     0 | D:1      | AarnesTheHuman the Ogre Hunter began the quest for the Orb.
     0 | D:1      | Reached XP level 1. HP: 22/22 MP: 1/1
   203 | D:1      | Reached XP level 2. HP: 29/29 MP: 2/2
  1113 | D:1      | Reached XP level 3. HP: 34/37 MP: 3/3
  1148 | D:1      | Found a faded altar of an unknown god.
  1871 | D:2      | Found a bloodstained altar of Trog.
  2427 | D:2      | Reached skill level 1 in Armour
  2427 | D:2      | Reached XP level 4. HP: 45/45 MP: 4/4
  3500 | D:3      | Found a faded altar of an unknown god.
  3503 | D:3      | Found an iron altar of Okawaru.
  5212 | D:2      | Upgraded the game from 0.28-a0-941-g140ffa10cf to
                  | 0.28-a0-948-gee6e0bcda6
  5665 | D:3      | Reached skill level 5 in Throwing
  5665 | D:3      | Reached XP level 5. HP: 54/54 MP: 5/5
  6380 | D:3      | Became a worshipper of Warmaster Okawaru
  6486 | D:4      | Noticed a phantom
  6500 | D:4      | Killed a phantom
  6501 | D:4      | Reached skill level 1 in Invocations
  6501 | D:4      | Reached XP level 6. HP: 50/63 MP: 5/7
  7192 | D:4      | Reached skill level 5 in Fighting
  7222 | D:4      | Reached XP level 7. HP: 11/72 MP: 8/8
  7551 | D:5      | Entered Level 5 of the Dungeon
  7705 | D:4      | Noticed Pikel
  8875 | D:3      | Reached * piety under Okawaru
  9901 | D:5      | You fall into a shaft and drop 2 floors!
  9902 | D:7      | Found a staircase to the Ecumenical Temple.
 10513 | D:5      | Noticed a kobold demonologist
 11149 | D:5      | Reached XP level 8. HP: 59/83 MP: 10/10
 12116 | D:6      | Found Xeufich's Antique Weapon Shoppe.
 12540 | D:6      | Identified a scroll of acquirement
 12681 | D:6      | Noticed a wraith
 12694 | D:6      | Killed a wraith
 12695 | D:6      | Reached skill level 1 in Long Blades
 12975 | D:6      | Reached ** piety under Okawaru
 13207 | D:6      | Reached XP level 9. HP: 82/93 MP: 12/12
 13768 | D:7      | Noticed a two-headed ogre
 13770 | D:7      | Noticed a boulder beetle
 13791 | D:6      | Killed a two-headed ogre
 13791 | D:6      | Reached *** piety under Okawaru
 13792 | D:6      | Reached skill level 5 in Invocations
 14389 | D:7      | Noticed a two-headed ogre
 14409 | D:6      | Mangled by a boulder beetle

Illustrated notes

Levels and vault maps discovered:
D:1:      zaba_arrival_water, layout_basic,
          hellmonk_ecumenical_altar_heavens_door, minmay_pentomino_x2
D:2:      kennysheep_six_static_rooms, layout_basic, basic_altar,
          lemuel_old_faithful
D:3:      layout_basic, nicolae_overflow_ecumenical_swirl
D:4:      layout_loops_ring, uniq_pikel
D:5:      layout_basic, roderic_lattice_a
D:6:      layout_loops_cross, serial_shops, nicolae_shop_advertising_works
          [nicolae_subvault_shop_adworks], mrwooster_statue_mirror
D:7:      layout_rooms, minmay_temple_entry_mini_moons, minmay_the_grid_2x2
          [minmay_the_grid_rooms, minmay_the_grid_box_x, minmay_the_grid_mess,
          minmay_the_grid_prize_inner_circle], uniq_maggie

Skill      XL: |  1  2  3  4  5  6  7  8  9 |
---------------+----------------------------+-----
Dodging        | 2 3 |  3.8
Fighting       | 3 4 5 6 7 8 |  8.0
Armour         | 1 |  1.3
Throwing       | 5 6 7 8 |  8.5
Invocations    | 1 2 3 4 5 |  5.4
Long Blades    | 2 4 |  4.2
Stealth        | |  0.6
Shields        | |  0.7

Action                   |  1- 3 |  4- 6 |  7- 9 || total
-------------------------+-------+-------+-------++-------
Melee: Short sword       |    32 |       |       ||    32
       Dagger            |   153 |   265 |    71 ||   489
       Scimitar          |       |       |    90 ||    90
       Quarterstaff      |       |       |     2 ||     2
 Fire: Hunting sling     |       |    65 |   213 ||   278
Throw: Large rock        |     9 |    14 |    33 ||    56
       Dart              |     2 |     4 |     5 ||    11
       Stone             |       |    82 |    11 ||    93
       Throwing net      |       |       |     2 ||     2
Invok: Heroism           |       |       |     4 ||     4
Evoke: Wand              |       |     1 |     5 ||     6
  Use: Scroll            |       |     4 |     8 ||    12
       Potion            |       |     4 |       ||     4
 Stab: Sleeping          |     2 |       |       ||     2
Armor: Robe              |    57 |    63 |    39 ||   159
       Skin              |       |    65 |     2 ||    67
Dodge: Dodged            |   100 |   101 |   152 ||   353
Block: Tower shield      |       |    77 |       ||    77

Table legend: (Time is in decaauts)
 A = Elapsed time spent in this place.
 B = Non-inter-level travel time spent in this place.
 C = Inter-level travel time spent in this place.
 D = Time resting spent in this place.
 E = Time spent auto-exploring this place.
 F = Levels seen in this place.
 G = Mean time per level.
                   A        B        C        D        E       F      G
               +--------+--------+--------+--------+--------+-----+--------+
         Total |  14605 |  13785 |    820 |   6963 |   1769 |   7 | 2086.4 |
       Dungeon |  14605 |  13785 |    820 |   6963 |   1769 |   7 | 2086.4 |
               +--------+--------+--------+--------+--------+-----+--------+

Top non-repeatable levels by time:
     D:1: 2876 daAuts
     D:3: 2688 daAuts
     D:6: 2688 daAuts
     D:2: 2406 daAuts
     D:4: 1835 daAuts
     D:5: 1662 daAuts
     D:7: 448 daAuts
